 Dungeon Crawl Stone Soup version 0.19.5 (webtiles) character file.

562 miragecloak the Insei (level 7, -6/43 HPs)
             Began as an Octopode Transmuter on May 15, 2017.
             Killed by divine providence
             ... invoked by an orc priest
              (10 damage)
             ... on level 5 of the Dungeon.
             The game lasted 00:04:08 (4292 turns).

miragecloak the Insei (Octopode Transmuter)         Turns: 4292, Time: 00:04:09

Health: -6/43      AC:  2    Str: 10    XL:     7   Next: 32%
Magic:  8/10       EV: 20    Int: 15    God:
Gold:   172        SH:  0    Dex: 19    Spells: 2 memorised, 6 levels left

rFire  . . .     SeeInvis .       - Unarmed
rCold  . . .     Gourm    .     (shield currently unavailable)
rNeg   . . .     Faith    .     (helmet currently unavailable)
rPois  x         Spirit   .     (no amulet)
rElec  .         Reflect  .     (no ring)
rCorr  .         Harm     .     (no ring)
MR     .....                    (no ring)
Stlth  ++........               (no ring)
                                (no ring)
                                (no ring)
                                (no ring)
                                (no ring)

@: lethally poisoned (-6 -> -22), spider-form (expiring)
A: almost no armour, stealthy swim, (amphibious), 8 rings, (constrict 8),
(camouflage 0), (gelatinous body 0)
a: End Transformation


You were on level 5 of the Dungeon.
You were not hungry.
You were a venomous arachnid creature.
You visited 1 branch of the dungeon, and saw 5 of its levels.

You collected 172 gold pieces.

Inventory:

Missiles
 a - 92 arrows
Wands
 s - a wand of acid (13/15)
 v - a wand of enslavement (10/24)
Scrolls
 d - a scroll of fear {unknown}
 f - 4 scrolls of remove curse {unknown}
 i - a scroll of random uselessness {unknown}
 k - a scroll of enchant weapon {unknown}
 l - 2 scrolls of enchant armour {unknown}
 m - 3 scrolls of teleportation {unknown}
 o - a scroll of recharging {unknown}
 t - 2 scrolls of amnesia {unknown}
 w - a scroll of immolation {unknown}
 y - a scroll of fog {unknown}
 z - a scroll of identify {unknown}
Potions
 g - 2 potions of haste {unknown}
 h - a potion of lignification {unknown}
 p - 2 potions of degeneration {unknown}
 q - a potion of ambrosia {unknown}
 u - 2 potions of brilliance {unknown}
 x - a potion of agility {unknown}
Books
 b - a book of Changes

   Spells                             Type                      Level
   a - Beastly Appendage              Transmutation                1
   b - Sticks to Snakes               Transmutation                2
   c - Spider Form                    Transmutation/Poison         3
   d - Ice Form                       Ice/Transmutation            4
   e - Blade Hands                    Transmutation                5
 r - a book of Maledictions

   Spells                             Type                      Level
   a - Corona                         Hexes                        1
   b - Ensorcelled Hibernation        Hexes/Ice                    2
   c - Confuse                        Hexes                        3
   d - Tukima's Dance                 Hexes                        3
   e - Dazzling Spray                 Conjuration/Hexes            3
Comestibles
 c - 4 bread rations
 j - 7 fruits
 n - a slice of pizza
 A - 3 chunks of flesh


   Skills:
 - Level 1.0 Fighting
 - Level 2.0 Dodging
 + Level 6.5 Unarmed Combat
 - Level 2.0 Spellcasting
 - Level 4.4 Transmutations
 - Level 3.0 Poison Magic


You had 6 spell levels left.
You knew the following spells:

 Your Spells              Type           Power        Failure   Level  Hunger
a - Beastly Appendage     Tmut           ##....       14%         1    #......
b - Spider Form           Tmut/Pois      ##........   36%         3    ###....


Dungeon Overview and Level Annotations

Branches:
Dungeon (5/15)
 Temple: D:4-7

Altars:
Qazlal

Shops:
D:5 *

Annotations:
D:5 edgar's ghost, novice SpVM


Innate Abilities, Weirdness & Mutations

You cannot wear most types of armour.
You are very stealthy in the water. (Stealth+)
((You are amphibious.))
You can wear up to eight rings at the same time.
((You can use your tentacles to constrict eight enemies at once.))
((Your skin changes colour to match your surroundings (Stealth+).))
((Your rubbery body absorbs attacks. (AC +1, EV +1)))


Message History

You are more poisoned.
Edgar's ghost casts a spell at you. The sting hits you!
You are more poisoned.
* * * LOW HITPOINT WARNING * * *
The orc wizard closely misses you.
You feel better.
* * * LOW HITPOINT WARNING * * *
You are poisoned.
Edgar's ghost misses you. The orc wizard hits you with a dagger.
* * * LOW HITPOINT WARNING * * *
Your transformation is almost over.
* * * LOW HITPOINT WARNING * * *
You feel sick.
The orc priest shouts!
* * * LOW HITPOINT WARNING * * *
You are more poisoned.
The orc priest invokes the aid of Beogh against you.
Beogh smites you!
You die...

#....o..#
##o####.## #
##.(.###.#
###.#####.#.#.##.#
....Z.....(......#
##....<#.#.#.####
#####.##W.o##
#.###o## #.# #s#
..# #.# ### #.#
#∩# #.# #.# #..
###


You could see an orc priest, an orc wizard, edgar's ghost and an orc.

Vanquished Creatures
  An ogre (D:4)
  A scorpion (D:4)
  A howler monkey (D:4)
  An orc priest (D:5)
  A centaur skeleton (D:4)
  Terence (D:2)
  3 orc wizards
  Natasha (thrice) (D:2)
  A worker ant (D:3)
  4 adders
  An ooze (D:1)
  An adder zombie (D:4)
  2 worms
  2 dart slugs
  2 leopard geckos (D:2)
  17 orcs
  5 giant cockroaches
  3 goblins
  8 hobgoblins
  5 jackals
  2 kobolds (D:1)
  A quokka (D:3)
  A ball python (D:1)
  5 bats
  4 frilled lizards
  5 rats
81 creatures vanquished.

Notes
Turn   | Place    | Note
-------+----------+-------------------------------------------
     0 | D:1      | miragecloak the Octopode Transmuter began the quest for the Orb.
     0 | D:1      | Reached XP level 1. HP: 13/13 MP: 3/3
   212 | D:1      | Reached XP level 2. HP: 17/18 MP: 3/5
   879 | D:1      | Reached XP level 3. HP: 22/23 MP: 4/6
   884 | D:1      | Learned a level 3 spell: Spider Form
  1262 | D:2      | Noticed Natasha
  1268 | D:2      | Killed Natasha
  1268 | D:2      | Reached skill level 1 in Poison Magic
  1268 | D:2      | Reached XP level 4. HP: 17/28 MP: 5/7
  1274 | D:2      | Noticed Terence
  1289 | D:2      | Killed Terence
  1715 | D:2      | Noticed Natasha
  1725 | D:2      | Killed Natasha
  1725 | D:2      | Reached XP level 5. HP: 16/33 MP: 2/8
  2007 | D:3      | Found a stormy altar of Qazlal.
  2196 | D:3      | HP: 1/33 [poisoned by a worker ant]
  2242 | D:2      | HP: 1/33 [orc/hand axe (4)]
  2383 | D:2      | Noticed Natasha
  2392 | D:2      | Killed Natasha
  2573 | D:3      | Reached skill level 4 in Unarmed Combat
  2715 | D:3      | Reached XP level 6. HP: 31/38 MP: 6/9
  3211 | D:4      | Reached skill level 5 in Unarmed Combat
  3686 | D:4      | Reached skill level 6 in Unarmed Combat
  3686 | D:4      | Reached XP level 7. HP: 32/43 MP: 7/10
  4243 | D:5      | Entered Level 5 of the Dungeon
  4283 | D:5      | Noticed edgar's ghost (novice SpVM)
  4285 | D:5      | Found Ahemett's Assorted Antiques.
  4292 | D:5      | Killed from afar by an orc priest

Skill      XL: |  1  2  3  4  5  6 |
---------------+-------------------+-----
Transmutations | 3 4 |  4.4
Poison Magic   | 1 2 3 |  3.0
Unarmed Combat | 4 6 |  6.5
Fighting       | |  1.0
Dodging        | |  2.0
Spellcasting   | |  2.0

Action                   |  1- 3 |  4- 6 |  7- 9 || total
-------------------------+-------+-------+-------++-------
Melee: Unarmed           |    53 |   150 |    19 ||   222
       Kick              |    13 |     1 |       ||    14
       Constrict         |    16 |     6 |       ||    22
       Tentacles         |     5 |     2 |       ||     7
       Punch             |       |     1 |       ||     1
 Cast: Beastly Appendage |    18 |     2 |       ||    20
       Spider Form       |       |    31 |     7 ||    38
  Use: Potion            |       |     1 |     1 ||     2
 Stab: Sleeping          |     7 |     3 |       ||    10
  Eat: Chunk             |     1 |     9 |     1 ||    11
       Meat ration       |       |     1 |       ||     1
Armor: Skin              |     3 |     5 |       ||     8
Dodge: Dodged            |    27 |   109 |    20 ||   156
